 Dungeon Crawl Stone Soup version 0.20.0-8-g6b59dc7 (webtiles) character file.

4111 Chiseanne the Fighter (level 10, -8/83 HPs)
             Began as a Demonspawn Wanderer on June 2, 2017.
             Was an Initiate of Gozag.
             Mangled by Rrauwl's ghost (16 damage)
             ... on level 9 of the Dungeon.
             The game lasted 00:14:54 (6969 turns).

Chiseanne the Fighter (Demonspawn Wanderer)         Turns: 6969, Time: 00:14:54

Health: -8/83      AC: 23    Str: 18    XL:     10   Next: 6%
Magic:  0/10       EV: 22    Int: 19    God:    Gozag
Gold:   384        SH:  0    Dex: 23    Spells: 9/9 levels left

rFire    . . .     SeeInvis .   a - +3 flail (protect)
rCold    . . .     Gourm    .   (no shield)
rNeg     . . .     Faith    .   v - +3 ring mail {MR+}
rPois    +         Spirit   +   h - +0 helmet
rElec    .         Reflect  .   p - +1 cloak
rCorr    .         Harm     .   t - +2 pair of gloves {Dex+3}
MR       +....                  (no boots)
Stlth    +++.......             (no amulet)
Regen    0.3/turn               G - +3 ring of slaying
MPRegen  0.3/turn               H - ring of poison resistance

@: mighty, brilliant, agile, about to teleport, protection aura, flying, hasted,
very quick
A: claws 2, talons 1, powered by death 1, magic shield, magic regeneration
a: Potion Petition, Call Merchant, Bribe Branch, Renounce Religion


You were on level 9 of the Dungeon.
You worshipped Gozag.
Gozag was aware of your devotion.
You were not hungry.

You visited 1 branch of the dungeon, and saw 9 of its levels.

You collected 1240 gold pieces.
You spent 831 gold pieces at shops.
You paid 25 gold pieces to Gozag.

Inventory:

Hand Weapons
 a - a +3 flail of protection (weapon)
Missiles
 d - 40 arrows
 q - 6 tomahawks (quivered)
 s - 21 sling bullets
 u - 24 bolts
 x - 2 curare-tipped needles
 D - 137 stones
 E - 17 poisoned needles
Armour
 h - a +0 helmet (worn)
 p - a +1 cloak (worn)
 t - a +2 pair of gloves of dexterity (worn)
 v - a +3 ring mail of magic resistance (worn)
 y - a +0 ring mail of positive energy
Jewellery
 m - a +1 ring of protection
 G - a +3 ring of slaying (left hand)
 H - a ring of poison resistance (right hand)
Wands
 g - a wand of confusion (22/48)
 w - a wand of disintegration (4/24)
Scrolls
 c - a scroll of teleportation
 k - a scroll of identify
 o - 2 scrolls of recharging
 B - 2 scrolls of remove curse
 F - 2 scrolls of immolation
Potions
 b - 5 potions of curing
 e - 3 potions of brilliance
 n - a potion of might
 r - 3 potions of magic
 z - a potion of resistance
 A - 3 potions of cancellation
Books
 l - the Handbook of Frigorific Contamination
   (You found it on level 4 of the Dungeon)

   Spells                             Type                      Level
   a - Sting                          Conjuration/Poison           1
   b - Ensorcelled Hibernation        Hexes/Ice                    2
   c - Olgreb's Toxic Radiance        Poison                       4
   d - Bolt of Cold                   Conjuration/Ice              6
   e - Ozocubu's Refrigeration        Ice                          6
 C - a book of Minor Magic

   Spells                             Type                      Level
   a - Magic Dart                     Conjuration                  1
   b - Blink                          Translocation                2
   c - Call Imp                       Summoning                    2
   d - Slow                           Hexes                        2
   e - Conjure Flame                  Conjuration/Fire             3
   f - Mephitic Cloud                 Conjuration/Poison/Air       3
Comestibles
 f - 3 bread rations
 i - 3 meat rations


   Skills:
 * Level 9.2 Fighting
   Level 2.6 Staves
 - Level 1.0 Throwing
 * Level 7.5 Armour
 * Level 7.5 Dodging
 - Level 1.7 Stealth
   Level 1.0 Shields


You had 9 spell levels left.
You didn't know any spells.

Dungeon Overview and Level Annotations

Branches:
Dungeon (9/15)             Temple (0/1) D:6            Lair (0/6) D:8
    Orc: D:9-12

Altars:
Ashenzari
Elyvilon
Gozag
Kikubaaqudgha
Nemelex Xobeh
Qazlal
Vehumet
Xom
Yredelemnul
Zin
The Shining One

Shops:
D:4 [   D:7 =   D:9 =

Annotations:
D:6 exclusion: oklob sapling
D:8 Grum
D:9 Rrauwl's ghost, novice MfGl


Innate Abilities, Weirdness & Mutations

You have very sharp fingernails.
You have sharp toenails.
You regenerate a little health from kills.
When hurt, damage is shared between your health and your magic reserves.
You regenerate magic rapidly.


Message History

[c] - 0 gold - heal wounds and magic Purchase which effect?
You feel very mighty all of a sudden.
You feel more agile all of a sudden.
You feel clever all of a sudden.
You feel yourself speed up.
You feel very buoyant.
You fly up into the air.
Rrauwl's ghost closely misses you. The gnoll misses you.
You sock Rrauwl's ghost!
Your weapon exudes an aura of protection.
Your kick misses Rrauwl's ghost.
Rrauwl's ghost is moderately damaged.
Rrauwl's ghost hits you.
* * * LOW HITPOINT WARNING * * *
The gnoll hits you from afar with a halberd.
* * * LOW HITPOINT WARNING * * *
As you read the scroll of teleportation, it crumbles to dust.
You feel strangely unstable. Rrauwl's ghost hits you!!
You die...
Your body crumbles into a pile of gold.

# #..# ##.#.#
#.##..######$...#
#...)..)..g.g.#
#######.###g###.$#
.......)..W.........
#######.###........... #g#
#####..#.#... ######### #W#
#...........
####.......###@####.###.###...
.................##.# .. $..
####.......##....##.##
#.......##........#
#.......##........#
#.......##........# ..
################.########.#.
...................
####....###........


You could see Rrauwl's ghost and a gnoll.

Vanquished Creatures
  A two-headed ogre (D:8)
  Joseph (D:6)
  3 yaks (D:8)
  2 orc warriors
  An ice beast (D:6)
  2 sky beasts (D:9)
  A phantom (D:4)
  4 ogres
  2 centaurs (D:5)
  A crocodile (D:8)
  A gnoll sergeant (D:6)
  Blork the orc (D:4)
  3 bullfrogs
  5 scorpions
  A wight (D:6)
  4 killer bees (D:7)
  4 howler monkeys
  A crimson imp (D:7)
  A centaur zombie (D:6)
  A bullfrog skeleton (D:6)
  2 orc priests
  A centaur skeleton (D:8)
  2 iguanas (D:5)
  5 worker ants
  10 gnolls
  11 adders
  2 oozes
  3 adder skeletons
  An adder zombie (D:9)
  2 worms (D:2)
  5 dart slugs
  5 leopard geckos
  12 orcs
  2 giant cockroaches (D:3)
  8 goblins
  4 hobgoblins
  11 jackals
  4 quokkas
  5 ball pythons
  7 bats
  8 frilled lizards
  7 kobolds
  4 rats
161 creatures vanquished.

Vanquished Creatures (others)
  A plant (D:8)
1 creature vanquished.

Grand Total: 162 creatures vanquished

Notes
Turn   | Place    | Note
-------+----------+-------------------------------------------
     0 | D:1      | Chiseanne the Demonspawn Wanderer began the quest for the Orb.
     0 | D:1      | Chiseanne set off with: a +2 quarterstaff, a potion of curing, a scroll of teleportation, a +0 robe, a +0 dagger, a bread ration
     0 | D:1      | Reached XP level 1. HP: 18/18 MP: 1/1
   101 | D:1      | Reached skill level 1 in Dodging
   176 | D:1      | Gained mutation: When hurt, damage is shared between your health and your magic reserves. [demonic ancestry]
   176 | D:1      | Reached XP level 2. HP: 24/24 MP: 2/2
   535 | D:2      | Gained mutation: You regenerate magic rapidly. [demonic ancestry]
   535 | D:2      | Reached XP level 3. HP: 26/29 MP: 3/3
   542 | D:2      | Reached skill level 1 in Armour
   865 | D:2      | Found a sparkling altar of Nemelex Xobeh.
  1414 | D:2      | Reached skill level 4 in Fighting
  1417 | D:2      | Reached XP level 4. HP: 30/37 MP: 4/4
  1524 | D:2      | Found a shimmering altar of Xom.
  1525 | D:2      | Found an opulent altar of Gozag.
  1529 | D:2      | Became a worshipper of Gozag Ym Sagoz the Greedy
  1722 | D:3      | Found a shattered altar of Ashenzari.
  1940 | D:3      | Reached XP level 5. HP: 38/43 MP: 3/5
  2217 | D:4      | Found a basalt altar of Yredelemnul.
  2222 | D:4      | Found a radiant altar of Vehumet.
  2227 | D:4      | Noticed an ogre
  2499 | D:4      | Killed an ogre
  2499 | D:4      | Gained mutation: You regenerate a little health from kills. [demonic ancestry]
  2499 | D:4      | Reached XP level 6. HP: 21/50 MP: 3/6
  2717 | D:4      | Reached skill level 5 in Fighting
  2756 | D:4      | Identified the Handbook of Frigorific Contamination
  2881 | D:4      | Gained mutation: You have sharp fingernails. [demonic ancestry]
  2881 | D:4      | Reached XP level 7. HP: 52/56 MP: 5/7
  3229 | D:4      | Noticed Blork the orc
  3231 | D:4      | Found Oqit's Antique Armour Shoppe.
  3246 | D:4      | Killed Blork the orc
  3411 | D:4      | Bought a pair of embroidered gloves for 127 gold pieces
  3411 | D:4      | Bought a glowing ring mail for 119 gold pieces
  3469 | D:5      | Entered Level 5 of the Dungeon
  3585 | D:5      | Found a white marble altar of Elyvilon.
  3624 | D:5      | Reached skill level 6 in Fighting
  3771 | D:5      | Gained mutation: You have sharp toenails. [demonic ancestry]
  3771 | D:5      | Reached XP level 8. HP: 64/64 MP: 8/8
  3834 | D:5      | Found a glowing golden altar of the Shining One.
  4241 | D:6      | Reached skill level 5 in Armour
  4241 | D:6      | Reached skill level 5 in Dodging
  4363 | D:6      | Found a staircase to the Ecumenical Temple.
  4382 | D:6      | Found a glowing silver altar of Zin.
  4557 | D:6      | Found a sparkling altar of Nemelex Xobeh.
  4654 | D:6      | Reached skill level 7 in Fighting
  5260 | D:7      | Noticed Joseph
  5288 | D:6      | Killed Joseph
  5288 | D:6      | Reached XP level 9. HP: 33/72 MP: 9/9
  5855 | D:7      | Found Heitoec's Jewellery Shop.
  5862 | D:7      | Bought a +3 ring of slaying for 540 gold pieces
  5988 | D:8      | Noticed a two-headed ogre
  6000 | D:8      | Killed a two-headed ogre
  6000 | D:8      | Reached skill level 8 in Fighting
  6287 | D:8      | Noticed a dagger
  6386 | D:8      | Found an ancient bone altar of Kikubaaqudgha.
  6387 | D:8      | Noticed a rust devil
  6388 | D:8      | Noticed an orange demon
  6388 | D:8      | Noticed an orange demon
  6514 | D:8      | Noticed Grum
  6564 | D:8      | Noticed a two-headed ogre
  6623 | D:9      | Reached skill level 9 in Fighting
  6835 | D:9      | Found Osey's Jewellery Shop.
  6840 | D:9      | Bought a cursed ring of teleportation for 45 gold pieces
  6876 | D:9      | Gained mutation: You have very sharp fingernails. [demonic ancestry]
  6876 | D:9      | Reached XP level 10. HP: 77/83 MP: 8/10
  6908 | D:9      | Found a stormy altar of Qazlal.
  6908 | D:9      | Noticed Rrauwl's ghost (novice MfGl)
  6969 | D:9      | Mangled by Rrauwl's ghost

Skill      XL: |  1  2  3  4  5  6  7  8  9 |
---------------+----------------------------+-----
Dodging        | 1 2 3 4 6 7 |  7.5
Armour         | 1 2 3 4 6 7 |  7.5
Fighting       | 4 5 6 7 9 |  9.2
Staves         | |  2.6
Throwing       | |  1.0
Stealth        | |  1.7
Shields        | |  1.0

Action                   |  1- 3 |  4- 6 |  7- 9 | 10-12 || total
-------------------------+-------+-------+-------+-------++-------
Melee: Quarterstaff      |   112 |   183 |   158 |       ||   453
       Flail             |       |       |   178 |    28 ||   206
       Kick              |       |       |    75 |     7 ||    82
Throw: Tomahawk          |       |       |     3 |       ||     3
Invok: Potion Petition   |       |       |       |     1 ||     1
Evoke: Wand              |       |       |     4 |     5 ||     9
  Use: Scroll            |       |    11 |    12 |     1 ||    24
       Potion            |       |     1 |     1 |     1 ||     3
 Stab: Sleeping          |     3 |       |     1 |       ||     4
       Distracted        |       |     1 |       |       ||     1
  Eat: Chunk             |     2 |       |       |       ||     2
       Royal jelly       |       |     1 |     4 |       ||     5
       Bread ration      |       |     1 |     1 |       ||     2
       Fruit             |       |       |     2 |       ||     2
Armor: Robe              |     7 |       |       |       ||     7
       Leather armour    |    50 |       |       |       ||    50
       Chain mail        |       |   143 |    13 |       ||   156
       Ring mail         |       |       |   170 |    26 ||   196
Dodge: Dodged            |    99 |    51 |   303 |    28 ||   481
